 Dungeon Crawl Stone Soup version 0.29-a0-337-g68df138881 (console) character file.

Game seed: 7072945032897689262

21386 jejorda2 the Carver (level 12, 0/145 HPs)
             Began as a Merfolk Berserker on Apr 16, 2022.
             Was a High Priest of Trog.
             Shot with an arrow by Nessos (4 damage)
             ... on level 12 of the Dungeon.
             The game lasted 00:39:16 (13107 turns).

jejorda2 the Carver (Merfolk Berserker)            Turns: 13107, Time: 00:39:17

Health: 0/145      AC: 17    Str: 17    XL:     12   Next: 89%
Magic:  12/12      EV: 16    Int:  8    God:    Trog [*****.]
Gold:   540        SH:  0    Dex: 23    Spells: 11/11 levels left

rFire   . . .      SeeInvis +   a - +7 Throatcutter {drain, coup de grace}
rCold   + . .      Faith    .   (no shield)
rNeg    . . .      Spirit   .   i - +3 leather armour {Will+}
rPois   .          Reflect  .   d - +2 helmet {SInv}
rElec   .          Harm     .   H - +0 cloak
rCorr   .          Rampage  .   E - +0 pair of gloves
Will    +....                   (no boots)
Stlth   ..........              (no amulet)
HPRegen 0.34/turn               z - ring "Lokocvesm" {Wiz rC+ Dex+6}
MPRegen 0.13/turn               f - +4 ring of protection

@: berserking (expiring), lethally poisoned (0 -> -29), very quick
A: (nimble swimmer 2), mertail
a: Renounce Religion, Berserk, Trog's Hand, Brothers in Arms


You were on level 12 of the Dungeon.
You worshipped Trog.
Trog was extremely pleased with you.
You visited 1 branch of the dungeon, and saw 12 of its levels.
You also visited: Ossuary and Bailey.

You collected 1161 gold pieces.
You spent 621 gold pieces at shops.

Inventory:

Hand Weapons
 a - the +7 Throatcutter (weapon) {drain, coup de grace}
   (You found it on level 7 of the Dungeon)

   A truly terrible weapon, it drains the life of any living foe it strikes.
   It may instantly kill foes which have little health.
 b - a +1 dagger of speed
 D - the +8 triple sword of Plog {flame, rC++ rN+ SInv}
   (Trog gifted it to you on level 9 of the Dungeon)

   It burns those it strikes, dealing additional fire damage.
   Big, fiery blades are also staple armaments of hydra-hunters.
   rC:        It greatly protects you from cold.
   rN:        It protects you from negative energy.
   SInv:      It lets you see invisible.
Missiles
 c - 328 stones
 x - 3 boomerangs
 y - 2 boomerangs of dispersal
 B - 19 poisoned darts (quivered)
 M - 2 curare-tipped darts
 N - 3 javelins
 S - 4 atropa-tipped darts
Armour
 d - a +2 helmet of see invisible (worn)
 i - a +3 leather armour of willpower (worn)
 E - a +0 pair of gloves (worn)
 H - a +0 cloak (worn)
Jewellery
 f - a +4 ring of protection (right hand)
 z - the ring "Lokocvesm" (left hand) {Wiz rC+ Dex+6}
   (You found it on level 4 of the Dungeon)

   [ring of wizardry]

   It improves your spell success rate.
   Dex:       It affects your dexterity (+6).
   rC:        It protects you from cold.
 L - a ring of fire
Wands
 n - a wand of acid (12)
 C - a wand of iceblast (26)
 F - a wand of digging (6)
 G - a wand of flame (19)
Scrolls
 m - a scroll of magic mapping
 p - 2 scrolls of immolation
 q - 6 scrolls of teleportation
 r - a scroll of blinking
 t - a scroll of fog
 u - 4 scrolls of vulnerability
 A - a scroll of enchant armour
 I - 4 scrolls of identify
 K - 2 scrolls of fear
 R - a scroll of brand weapon
Potions
 e - a potion of haste
 g - 3 potions of attraction
 h - 2 potions of flight
 j - a potion of magic
 k - a potion of might
 l - a potion of invisibility
 o - 9 potions of curing
 s - 5 potions of heal wounds
 v - 3 potions of lignification
 w - 4 potions of ambrosia
 J - a potion of resistance
 P - a potion of berserk rage
 Q - a potion of mutation
Miscellaneous
 O - a lightning rod (4/4)


   Skills:
 - Level 10.1 Fighting
 - Level 14.0 Long Blades
 + Level 7.2 Throwing
 + Level 8.2 Armour
 - Level 6.0 Dodging
 - Level 4.0 Stealth
 - Level 7.1 Evocations


You had 11 spell levels left.
You didn't know any spells.
Your spell library was empty.

Dungeon Overview and Level Annotations

Branches:
Dungeon (12/15)            Temple (0/1) D:6            Lair (0/6) D:10
    Orc (0/2) D:12        Ossuary (visited)          Bailey (visited)

Altars:
Ashenzari
Fedhas
Hepliaklqana
Kikubaaqudgha
Trog
Wu Jian
Xom

Shops:
D:1 (   D:5 [   D:8 [[   D:10 [

Annotations:
D:4 1 runed translucent door, exclusion: door, Darius099's ghost, amateur GrFi
D:9 2 transporters, spaghetti's ghost, novice OpAE
D:12 Nessos


Innate Abilities, Weirdness & Mutations

((You are very nimble when in or above water. (Stealth+, EV+, Speed+++)))
Your lower body shifts to a powerful aquatic tail in water.


Message History

The orc barely misses you.
Items here: ) [ †.
You slash the orc!
You kill the orc!
Trog accepts your kill.
You feel sick.
Nessos mumbles some strange words.
Nessos blinks!
The orc warrior barely misses you.
The orc warrior hits you but does no damage.
You feel sick.
Nessos mumbles some strange words.
Nessos blinks!
Nessos gestures wildly while chanting.
Nessos blinks!
You feel a strong urge to attack something.
You feel sick.
Nessos shoots an arrow.
The arrow hits you. The arrow burns you.
You are more poisoned.
The orc warrior hits you from afar with a +0 halberd!
The orc warrior hits you with a +0 dire flail!
You hit the orc. You drain the orc.
You kill the orc!
Trog accepts your kill.
You feel sick.
Nessos shoots an arrow.
The arrow hits you!!
* * * LOW HITPOINT WARNING * * *
The arrow burns you!
* * * LOW HITPOINT WARNING * * *
You closely miss the orc warrior.
You feel sick.
Nessos casts a spell.
Nessos blinks!
The orc warrior closely misses you. The orc warrior misses you.
You slice the troll!! You drain the troll!
The troll is almost dead.
You feel sick.
Nessos shoots an arrow.
The arrow closely misses you.
You slash the troll!
You kill the troll!
Trog accepts your kill.
You feel sick.
Nessos shoots an arrow.
The arrow hits you!
* * * LOW HITPOINT WARNING * * *
The arrow burns you.
You are more poisoned.
You die...

####.#######
#..........#
##.........<#
###....§.)....#
..............#
..............#
......))).....#
.....oo)......#
....c..@..$...#
.........######
...>..?..#
........##
........#
.........
.........
.........


You could see Nessos (fast) and 2 orc warriors.

Vanquished Creatures
  Erolcha (D:11)
  4 boulder beetles
  A centaur warrior (D:11)
  Pikel (D:6)
  A deep elf pyromancer (D:8)
  2 cyclopes (D:11)
  A komodo dragon (D:10)
  A kobold demonologist (D:10)
  3 trolls
  2 shadows
  A wraith (D:11)
  2 vampires
  9 yaks
  2 steam dragons
  A warg (D:12)
  Duvessa (D:5)
  A water moccasin (D:8)
  2 black bears (D:5)
  13 orc warriors
  An ice beast (D:5)
  2 sky beasts
  3 ogres
  A wolf (D:10)
  9 centaurs
  A lemure (D:6)
  Blork the orc (D:5)
  4 kobold brigands
  2 scorpions
  4 necrophages (D:5)
  4 bullfrogs
  2 wights (D:5)
  A water moccasin zombie (D:5)
  Dowan (D:5)
  14 killer bees
  5 howler monkeys
  2 electric eels (D:10)
  A bullfrog zombie (D:5)
  Crazy Yiuf (D:5)
  6 orc priests
  13 hounds
  A human zombie (D:5)
  A gnoll shaman (D:5)
  2 scorpion zombies (D:5)
  5 iguanas
  4 orc wizards
  10 mummies
  6 adders
  18 gnolls
  A shadow imp (D:7)
  3 ufetubi
  2 worms
  A dart slug (D:4)
  43 orcs
  7 bats
  6 endoplasms
  4 giant cockroaches
  A gnoll zombie (Ossuary)
  10 goblins
  7 hobgoblins
  4 jackals
  12 kobolds
  6 quokkas
  5 ball pythons
  A frilled lizard (D:1)
  4 hobgoblin zombies (Ossuary)
  2 kobold zombies (Ossuary)
  An orc zombie (Ossuary)
  11 rats
305 creatures vanquished.

Vanquished Creatures (collateral kills)
  2 orc knights (Bailey)
  An orc (Bailey)
3 creatures vanquished.

Vanquished Creatures (others)
  A howler monkey (D:10)
1 creature vanquished.

Grand Total: 309 creatures vanquished

Notes
Turn   | Place    | Note
-------+----------+-------------------------------------------
     0 | D:1      | jejorda2 the Merfolk Berserker began the quest for the Orb.
     0 | D:1      | Reached XP level 1. HP: 18/18 MP: 1/1
   420 | D:1      | Reached skill level 4 in Long Blades
   420 | D:1      | Reached XP level 2. HP: 20/24 MP: 2/2
   726 | D:1      | Found Cicuagg's Weapon Shop.
   776 | D:1      | Reached XP level 3. HP: 20/29 MP: 3/3
   892 | D:1      | Reached ** piety under Trog
  1352 | D:2      | Found a faded altar of an unknown god.
  1863 | D:3      | Found a blossoming altar of Fedhas.
  1863 | D:3      | Found a broken altar of Ashenzari.
  1888 | D:3      | Reached skill level 5 in Long Blades
  1888 | D:3      | Reached XP level 4. HP: 30/37 MP: 4/4
  2736 | D:4      | Found a runed translucent door.
  2736 | D:4      | Noticed Darius099's ghost (amateur GrFi)
  2776 | D:4      | Reached XP level 5. HP: 33/42 MP: 5/5
  2827 | D:4      | Identified the ring "Lokocvesm" {Wiz rC+ Dex+6}
  3168 | D:4      | Reached skill level 6 in Long Blades
  3196 | D:4      | Reached XP level 6. HP: 49/49 MP: 6/6
  3977 | D:5      | Entered Level 5 of the Dungeon
  4052 | D:5      | Noticed a black bear
  4059 | D:5      | Killed a black bear
  4060 | D:5      | Reached skill level 5 in Fighting
  4060 | D:5      | Reached skill level 7 in Long Blades
  4060 | D:5      | Reached XP level 7. HP: 56/56 MP: 7/7
  4128 | D:5      | Reached *** piety under Trog
  4308 | D:5      | Reached skill level 8 in Long Blades
  4556 | D:5      | Found a runed translucent door.
  4557 | D:5      | Noticed Crazy Yiuf
  4566 | D:5      | Killed Crazy Yiuf
  4829 | D:5      | Reached XP level 8. HP: 64/64 MP: 8/8
  4881 | D:5      | Noticed Dowan
  4904 | D:5      | Killed Dowan
  5016 | D:5      | Noticed Duvessa
  5033 | D:5      | Killed Duvessa
  5154 | D:5      | Found an ancient bone altar of Kikubaaqudgha.
  5169 | D:5      | Reached skill level 9 in Long Blades
  5254 | D:5      | HP: 2/84 [wight/+5 halberd (3)]
  5745 | D:5      | Reached skill level 10 in Long Blades
  5784 | D:5      | Found Tusof's Armour Shop.
  6077 | D:5      | Reached XP level 9. HP: 55/66 MP: 9/9
  6178 | D:5      | Noticed Blork the orc
  6179 | D:5      | Found a faded altar of an unknown god.
  6180 | D:5      | Found a hazy altar of Hepliaklqana.
  6189 | D:5      | Killed Blork the orc
  6428 | D:6      | Found a staircase to the Ecumenical Temple.
  6437 | D:6      | Found a bloodstained altar of Trog.
  6445 | D:6      | Reached skill level 11 in Long Blades
  6456 | D:6      | Found a sand-covered staircase.
  6463 | Ossuary  | Entered an ossuary
  7242 | D:6      | Reached skill level 5 in Armour
  7315 | D:5      | Bought a +2 helmet of see invisible for 322 gold pieces
  7932 | D:7      | Noticed Pikel
  8023 | D:6      | Killed Pikel
  8024 | D:6      | Reached skill level 12 in Long Blades
  8102 | D:7      | Found the +7 Throatcutter {drain, coup de grace}
  8604 | D:7      | Reached skill level 13 in Long Blades
  8604 | D:7      | Reached XP level 10. HP: 72/76 MP: 10/10
  8638 | D:7      | Reached **** piety under Trog
  8840 | D:7      | Found an ornate altar of the Wu Jian Council.
  8916 | D:8      | Noticed a boulder beetle
  8926 | D:8      | Killed a boulder beetle
  8942 | D:8      | Reached skill level 14 in Long Blades
  8950 | D:8      | Found a flagged portal.
  8974 | Bailey   | Entered a bailey
  9223 | Bailey   | Reached skill level 1 in Evocations
  9428 | Bailey   | Noticed an orc knight
  9428 | Bailey   | Noticed an orc knight
  9432 | Bailey   | Killed an orc knight
  9433 | Bailey   | Reached skill level 5 in Dodging
  9434 | Bailey   | Killed an orc knight
  9442 | Bailey   | Reached skill level 10 in Fighting
  9442 | Bailey   | Reached XP level 11. HP: 90/90 MP: 11/11
  9568 | Bailey   | Reached skill level 1 in Throwing
  9750 | D:8      | Identified the +2 plate armour of Lugonu, Flying {Harm rC+
                  | Int-4}
  9804 | D:8      | Found Ashreb's Antique Armour Emporium.
  9823 | D:8      | Bought a shiny chain mail for 187 gold pieces
  9823 | D:8      | Bought a pair of gloves for 112 gold pieces
  9898 | D:8      | Noticed a deep elf pyromancer
  9911 | D:8      | Killed a deep elf pyromancer
 10268 | D:8      | Found Jeddac's Antique Armour Boutique.
 10637 | D:9      | Reached XP level 12. HP: 81/97 MP: 12/12
 10646 | D:9      | Reached ***** piety under Trog
 10656 | D:9      | Identified the +8 triple sword of Plog {flame, rC++ rN+
                  | SInv} (Trog gifted it to you on level 9 of the Dungeon)
 10656 | D:9      | Received a gift from Trog
 10736 | D:9      | Noticed a deep elf knight
 10739 | D:9      | Noticed spaghetti's ghost (novice OpAE)
 10784 | D:9      | Found a transporter.
 10796 | D:9      | Found a transporter.
 10857 | D:9      | Found a shimmering altar of Xom.
 11255 | D:10     | Entered Level 10 of the Dungeon
 11408 | D:10     | Reached skill level 5 in Throwing
 11566 | D:10     | Found a staircase to the Lair.
 11592 | D:10     | Reached skill level 1 in Stealth
 11867 | D:10     | Found Roesuaha's Armour Boutique.
 12085 | D:10     | Identified the +3 long sword "Kiemea" {drain, Str+7}
 12160 | D:11     | Noticed Erolcha
 12163 | D:11     | Killed Erolcha
 12295 | D:11     | Noticed a boulder beetle
 12306 | D:11     | Killed a boulder beetle
 12428 | D:11     | Noticed a boulder beetle
 12440 | D:11     | Killed a boulder beetle
 12544 | D:11     | Noticed a centaur warrior
 12551 | D:11     | Killed a centaur warrior
 12860 | D:11     | Noticed a boulder beetle
 12867 | D:11     | Killed a boulder beetle
 13089 | D:12     | Found a staircase to the Orcish Mines.
 13092 | D:12     | Noticed Nessos
 13107 | D:12     | HP: 4/145 [Nessos/arrow (10)]
 13107 | D:12     | Shot with an arrow by Nessos

Illustrated notes

Levels and vault maps discovered:
D:1:      giann_bridges, layout_rooms, serial_shops,
          nicolae_shop_bloodbath_and_beyond, serial_forest,
          infiniplex_forest_fountain, infiniplex_forest_pool,
          infiniplex_forest_clump_double, infiniplex_forest_clump_double,
          infiniplex_forest_fountain, infiniplex_forest_clump_medium,
          infiniplex_forest_corner_1, minmay_misc_feat_ornament
D:2:      layout_rooms, ebering_ecumenical_altar_mist, glass_columns_c
D:3:      layout_loops_cross, chequers_temple_overflow_statue_of_worship
D:4:      dreamdust_elfheim, layout_basic, ebering_ghost_inner_flame
D:5:      layout_loops_corners, lemuel_mausoleum_altar_kikubaaqudgha,
          beargit_hepliaklqana_dungeon_heroes, serial_shops, shop,
          uniq_blork_the_orc, uniq_crazy_yiuf_cottage, uniq_duvessa
D:6:      layout_rooms, nicolae_overflow_hidden_temple,
          minmay_temple_entry_large_hall, nicolae_ossuary_entry_monument
D:7:      layout_gridville, nicolae_wu_jian_immortal_techniques,
          kennysheep_generic_room_13, uniq_pikel
D:8:      layout_cave_pools, serial_gnoll_camp, gnoll_camp_mini_loothouse,
          gnoll_camp_mini_shop, gnoll_camp_mini_shop, gnoll_camp_mini_doghouse,
          enter_bailey_3
D:9:      layout_basic, general_overflow_altar, gammafunk_ghost_arena,
          minmay_misc_feat_iff
D:10:     layout_cross, erik_lair_island, serial_shops,
          nicolae_shop_temple_entry_statues_fountains, st_stairs_11,
          minmay_misc_feat_pillars
D:11:     layout_irregular_city, uniq_erolcha
D:12:     layout_rooms, david_orc_3, uniq_nessos, uniq_fannar

Skill      XL: |  1  2  3  4  5  6  7  8  9 10 11 12 |
---------------+-------------------------------------+-----
Long Blades    | 4 5 6 7 8 10 13 14 | 14.0
Armour         | 2 3 4 5 6 8 |  8.2
Fighting       | 4 5 6 10 | 10.1
Dodging        | 6 |  6.0
Evocations     | 7 |  7.1
Throwing       | 3 7 |  7.2
Stealth        | 4 |  4.0

Action                   |  1- 3 |  4- 6 |  7- 9 | 10-12 || total
-------------------------+-------+-------+-------+-------++-------
Melee: Falchion          |   132 |   135 |   337 |       ||   604
       Tailslap          |     2 |       |       |     9 ||    11
       Punch             |     1 |       |     6 |     2 ||     9
       Long sword        |       |       |    47 |   347 ||   394
Throw: Stone             |    17 |    10 |    64 |     7 ||    98
       Boomerang         |       |       |       |     7 ||     7
       Dart              |       |       |       |     6 ||     6
Invok: Trog's Hand       |       |     2 |     4 |     1 ||     7
       Berserk           |       |     4 |    11 |     6 ||    21
       Brothers in Arms  |       |       |       |     1 ||     1
  Use: Potion            |       |     1 |       |     1 ||     2
       Scroll            |       |       |    20 |     7 ||    27
 Stab: Sleeping          |     1 |       |       |     2 ||     3
Armor: Animal skin       |    16 |       |       |       ||    16
       Ring mail         |    22 |    16 |       |       ||    38
       Scale mail        |       |    23 |       |       ||    23
       Plate armour      |       |    12 |   195 |    56 ||   263
       Leather armour    |       |       |       |    74 ||    74
Dodge: Dodged            |    72 |    54 |   101 |   258 ||   485

Table legend: (Time is in decaauts)
 A = Elapsed time spent in this place.
 B = Non-inter-level travel time spent in this place.
 C = Inter-level travel time spent in this place.
 D = Time resting spent in this place.
 E = Time spent auto-exploring this place.
 F = Levels seen in this place.
 G = Mean time per level.
                   A        B        C        D        E       F      G
               +--------+--------+--------+--------+--------+-----+--------+
         Total |  13085 |  12684 |    401 |   1377 |   8964 |  14 |  934.6 |
       Dungeon |  11653 |  11252 |    401 |   1377 |   7910 |  12 |  971.1 |
       Ossuary |    765 |    765 |      0 |      0 |    588 |   1 |  765.0 |
        Bailey |    667 |    667 |      0 |      0 |    465 |   1 |  667.0 |
               +--------+--------+--------+--------+--------+-----+--------+

Top non-repeatable levels by time:
     D:5: 2552 daAuts
     D:4: 1421 daAuts
     D:1: 1266 daAuts
    D:11: 918 daAuts
     D:3: 872 daAuts
    D:10: 839 daAuts
     D:9: 839 daAuts
     D:8: 818 daAuts
     D:7: 813 daAuts
 Ossuary: 765 daAuts
     D:6: 702 daAuts
  Bailey: 667 daAuts
     D:2: 593 daAuts
    D:12: 15 daAuts
